 Dungeon Crawl Stone Soup version 0.24.0-125-gc4c63601f3 (webtiles) character file.

Game seed: 17361689075329478673, levelgen mode: deterministic

144 Curus the Poker (level 5, 0/45 HPs)
             Began as a Minotaur Abyssal Knight on Feb 28, 2020.
             Was a Believer of Lugonu.
             Slain by an iguana (2 damage)
             ... on level 4 of the Dungeon.
             The game lasted 00:12:43 (1972 turns).

Curus the Poker (Minotaur Abyssal Knight)           Turns: 1972, Time: 00:12:43

Health: 0/45       AC:  8    Str: 17      XL:     5   Next: 5%
Magic:  6/6        EV:  7    Int:  7 (9)  God:    Lugonu [**....]
Gold:   236        SH:  0    Dex:  9 (10) Spells: 4/4 levels left

rFire    . . .     SeeInvis .   i - +0 trident
rCold    . . .     Gourm    .   (no shield)
rNeg     + . .     Faith    .   j - +0 chain mail
rPois    .         Spirit   .   (helmet restricted)
rElec    .         Reflect  .   (no cloak)
rCorr    .         Harm     .   (no gloves)
MR       .....                  (no boots)
Stlth    ..........             (no amulet)
HPRegen  0.15/turn              e - ring of positive energy
MPRegen  0.10/turn              f - ring of wizardry

@: no status effects
A: retaliatory headbutt, horns 2
a: Depart the Abyss, Bend Space, Renounce Religion


You were on level 4 of the Dungeon.
You worshipped Lugonu.
Lugonu was pleased with you.
You were hungry.

You visited 1 branch of the dungeon, and saw 4 of its levels.
You visited the Abyss 1 time.

You collected 236 gold pieces.

Inventory:

Hand Weapons
 a - a +2 spear
 i - a +0 trident (weapon)
Armour
 b - a +0 leather armour
 g - a +0 scale mail of poison resistance
 j - a +0 chain mail (worn)
Jewellery
 e - a ring of positive energy (left hand)
 f - a ring of wizardry (right hand)
Potions
 d - 2 potions of curing
Comestibles
 c - 5 rations


   Skills:
 - Level 3.6 Fighting
 + Level 4.8 Polearms
 - Level 2.4 Armour
 - Level 1.1 Dodging
 + Level 3.8 Invocations


You had 4 spell levels left.
You didn't know any spells.
Your spell library was empty.

Dungeon Overview and Level Annotations

Branches:
Dungeon (4/15)
 Temple: D:4-7

Altars:
Gozag

Annotations:
D:3 1 runed translucent door, beardedkeet's ghost, amateur HOMo


Innate Abilities, Weirdness & Mutations

You reflexively headbutt those who attack you in melee.
You have a pair of horns on your head.


Message History

The iguana bites you.
You hit the iguana but do no damage. The iguana bites you!
You barely miss the iguana. You headbutt the iguana!
The iguana is heavily wounded.
The iguana bites you!
* * * LOW HITPOINT WARNING * * *
Your chain mail prevents you from hitting the iguana.
The iguana is heavily wounded.
The iguana bites you but does no damage.
You hit the iguana.
The iguana is heavily wounded.
The iguana bites you.
* * * LOW HITPOINT WARNING * * *
You hit the iguana but do no damage.
The iguana is heavily wounded.
The iguana closely misses you.
You barely miss the iguana.
The iguana is heavily wounded.
The iguana bites you.
You die...

####..............
#######.#####.#..###
#................# ..
#................#..#
#.....(..........##.#
##########......#..†[...
...[... #......#.#.##.#
.......###......#.†.....
.......@........#......#
......l...#....##......#
..........#.#####......#
..........#.# #......#
..........#.. ....#+#..#
..........### #### #..#
##...##...# #..# #...
..... ...# ##.#


You could see an iguana.

Vanquished Creatures
  A bullfrog skeleton (D:3)
  2 adders
  An adder skeleton (D:4)
  3 worms
  A dart slug (D:1)
  A leopard gecko (D:1)
  5 orcs (D:3)
  A ball python (D:4)
  4 bats (D:1)
  3 giant cockroaches (D:1)
  8 goblins
  6 hobgoblins
  16 jackals
  5 kobolds
  A quokka (D:2)
  4 frilled lizards
  A jackal zombie (D:4)
  8 rats
71 creatures vanquished.

Vanquished Creatures (others)
  2 withered plants (D:3)
2 creatures vanquished.

Grand Total: 73 creatures vanquished

Notes
Turn   | Place    | Note
-------+----------+-------------------------------------------
     0 | Abyss:1  | Curus the Minotaur Abyssal Knight began the quest for the
                  | Orb.
     0 | Abyss:1  | Reached XP level 1. HP: 19/19 MP: 1/1
    18 | D:1      | Escaped the Abyss
    35 | D:1      | Reached skill level 3 in Polearms
    35 | D:1      | Reached XP level 2. HP: 16/26 MP: 2/2
   268 | D:1      | Reached XP level 3. HP: 31/31 MP: 2/4
   339 | D:1      | Reached ** piety under Lugonu
   767 | D:2      | Reached skill level 4 in Polearms
   937 | D:2      | Reached XP level 4. HP: 39/39 MP: 5/5
  1259 | D:3      | Found an opulent altar of Gozag.
  1450 | D:3      | Found a runed translucent door.
  1451 | D:3      | Noticed beardedkeet's ghost (amateur HOMo)
  1930 | D:4      | Reached XP level 5. HP: 40/45 MP: 6/6
  1970 | D:4      | HP: 2/45 [iguana (3)]
  1972 | D:4      | Slain by an iguana

Levels and vault maps discovered:
D:1:      dpeg_arrival_ternary, layout_rooms
D:2:      layout_basic, minmay_misc_feat_four_crosses
D:3:      layout_loops_ring, gammafunk_ghost_grave, grunt_gozag_breadcrumbs
D:4:      layout_basic, cheibrodos_ashenzari_chains, hangedman_decor_push,
          minmay_distorted, uniq_robin

Skill      XL: |  1  2  3 |
---------------+----------+-----
Invocations    | 2 3 |  3.8
Polearms       | 3 4 |  4.8
Fighting       | |  3.6
Armour         | |  2.4
Dodging        | |  1.1

Action                   |  1- 3 |  4- 6 || total
-------------------------+-------+-------++-------
Melee: Spear             |   113 |    47 ||   160
       Headbutt          |    17 |    11 ||    28
       Trident           |       |    39 ||    39
  Use: Potion            |     5 |     1 ||     6
       Scroll            |     2 |     2 ||     4
  Eat: Chunk             |       |     3 ||     3
Armor: Leather armour    |    16 |       ||    16
       Scale mail        |     6 |     9 ||    15
       Chain mail        |       |    18 ||    18
Dodge: Dodged            |    40 |    28 ||    68
